 Dungeon Crawl Stone Soup version 0.30.0-3-ga4e48a9924 (webtiles) character file.

Game seed: 11792239206665322064

194 dialectric the Covered (level 5, 0/47 HPs)
             Began as a Minotaur Fighter on May 8, 2023.
             Splashed by a jelly's acid (11 damage)
             ... on level 4 of the Dungeon.
             The game lasted 00:02:14 (2472 turns).

dialectric the Covered (Minotaur Fighter)           Turns: 2472, Time: 00:02:14

Health: 0/47       AC: 10    Str: 21    XL:     5   Next: 44%
Magic:  4/4        EV:  8    Int:  5    God:
Gold:   274        SH:  0    Dex: 11    Spells: 4/4 levels left

rFire   . . .        k - +0 short sword (drain)
rCold   . . .        (no shield)
rNeg    . . .        v - +0 chain mail
rPois   .            (helmet restricted)
rElec   .            (no cloak)
rCorr   .            u - +0 pair of gloves
SInv    .            (no boots)
Will    .....        (no amulet) Stlth
                     (no ring)
HPRegen 0.27/turn    (no ring)
MPRegen 0.09/turn

%: no passive effects
@: no status effects
A: horns 2, retaliatory headbutt
a: no special abilities


You were on level 4 of the Dungeon.
You visited 1 branch of the dungeon, and saw 4 of its levels.

You collected 274 gold pieces.

Inventory:

Hand Weapons
 a - a +0 long sword
 k - a +0 short sword of draining (weapon)
Missiles
 e - 11 poisoned darts (quivered)
Armour
 b - a +0 scale mail
 c - a +0 buckler
 u - a +0 pair of gloves (worn)
 v - a +0 chain mail (worn)
Scrolls
 g - 2 scrolls of vulnerability {unknown}
 i - a scroll of fear {unknown}
 l - a scroll of teleportation
 m - a scroll of poison {unknown}
 p - a scroll of amnesia {unknown}
 q - a scroll of blinking {unknown}
 r - a scroll of fog {unknown}
 t - 2 scrolls of identify {unknown}
 w - a scroll of immolation {unknown}
 y - a scroll of magic mapping {unknown}
Potions
 d - 3 potions of might
 f - a potion of cancellation {unknown}
 h - a potion of resistance {unknown}
 j - 5 potions of curing {unknown}
 n - 2 potions of degeneration {unknown}
 o - a potion of attraction {unknown}
 s - a potion of haste {unknown}
 x - a potion of magic {unknown}
 z - a potion of brilliance {unknown}


   Skills:
 + Level 4.8 Fighting
 + Level 1.6(3.0) Short Blades
 + Level 4.2(4.4) Long Blades
 + Level 0.2 Throwing
 + Level 4.8 Armour
 + Level 1.5 Dodging
 - Level 3.6 Shields


You had 4 spell levels left.
You didn't know any spells.
Your spell library contained the following spells:

 Spells                   Type           Power      Damage    Failure   Level
 Summon Small Mammal      Summ           0%         N/A       98%         1
 Call Canine Familiar     Summ           0%         N/A       100%        3
 Summon Guardian Golem    Hex/Summ       0%         N/A       100%        3
 Anguish                  Hex/Necr       0%         N/A       100%        4
 Enfeeble                 Hex            0%         N/A       100%        7


Dungeon Overview and Level Annotations

Branches:
Dungeon (4/15)
 Temple: D:4-7

Altars:
Ru
Xom
Yredelemnul

Annotations:
D:4 1 runed translucent door, Inkenn's ghost, amateur VSAE


Innate Abilities, Weirdness & Mutations

You have a pair of horns on your head.
You reflexively headbutt those who attack you in melee.


Message History

The iguana barely misses you.
You hit the iguana but do no damage. Your headbutt misses the iguana.
The iguana is heavily wounded.
The iguana bites you.
Unknown command.
You barely miss the iguana.
The iguana is heavily wounded.
The iguana closely misses you.
Unknown command.
You are too injured to fight recklessly!
You hit the iguana but do no damage.
You headbutt the iguana, but do no damage.
The iguana is heavily wounded.
The iguana bites you but does no damage.
You are too injured to fight recklessly!
Unknown command.
You closely miss the iguana.
The iguana is heavily wounded.
The iguana bites you.
You are too injured to fight recklessly!
You hit the iguana but do no damage. You headbutt the iguana.
The iguana is severely wounded.
The iguana bites you but does no damage.
Unknown command.
You hit the iguana. You drain the iguana.
You kill the iguana!
Your base Short Blades skill increases to level 1!
You are too injured to fight recklessly!
Unknown command.
You hit the jelly.
Your hands burn!
* * * LOW HITPOINT WARNING * * *
The jelly is lightly wounded.
You are too injured to fight recklessly!
You hit the jelly.
Your hands burn!
* * * LOW HITPOINT WARNING * * *
The jelly is moderately wounded.
The jelly hits you.
* * * LOW HITPOINT WARNING * * *
You are splashed with acid!
You die...

## ....# #. #
..>#.#... .....#..#
# ####### ..#... .#
#.....# # #$
....#.##. ####.###.#
#.#.###.# ... ..##<#
#.# #....@J.# #.###
#.######.#
#.##.##.####.#.##.#
..##.....#
#>................#
...#.#####
####..#.####.#######
#........# #....#
#.......#
##...###.#.# #.##.#
#######.#
.....#.....# #. #.#
#.# ####<....# #.
#.# #.# ..†..#......
#.# #.#


You could see a jelly.

Vanquished Creatures
  A hound (D:4)
  An iguana (D:4)
  6 adders
  An ufetubus (D:4)
  3 worms
  A dart slug (D:3)
  8 ball pythons
  4 bats
  5 endoplasms
  5 giant cockroaches
  8 goblins
  6 hobgoblins
  8 jackals
  3 kobolds
  2 quokkas
  2 frilled lizards
  5 rats
69 creatures vanquished.

Notes
Turn   | Place    | Note
-------+----------+-------------------------------------------
     0 | D:1      | dialectric the Minotaur Fighter began the quest for the
                  | Orb.
     0 | D:1      | Reached XP level 1. HP: 19/19 MP: 0/0
   144 | D:1      | Reached XP level 2. HP: 27/27 MP: 1/1
   435 | D:1      | Reached XP level 3. HP: 15/34 MP: 2/2
  1043 | D:2      | Found a shimmering altar of Xom.
  1198 | D:2      | Reached XP level 4. HP: 26/41 MP: 3/3
  2114 | D:4      | Reached skill level 1 in Dodging
  2182 | D:4      | Found a runed translucent door.
  2183 | D:4      | Noticed Inkenn's ghost (amateur VSAE)
  2234 | D:4      | Reached XP level 5. HP: 36/47 MP: 4/4
  2431 | D:4      | Found a basalt altar of Yredelemnul.
  2431 | D:4      | Found a sacrificial altar of Ru.
  2471 | D:4      | Reached skill level 1 in Short Blades
  2472 | D:4      | Splashed by a jelly's acid

Illustrated notes

Levels and vault maps discovered:
D:1:      minmay_arrival_plants_in_alcoves, layout_basic
D:2:      layout_loops_ring, basic_altar
D:3:      layout_rooms
D:4:      layout_basic, chequers_temple_overflow_statue_of_worship,
          gammafunk_ghost_grave, serial_park_tiny_pond

Skill      XL: |  1  2  3  4  5 |
---------------+----------------+-----
Fighting       | 4 |  4.8
Armour         | 4 |  4.8
Long Blades    | 3 4 |  4.2
Dodging        | 1 |  1.5
Short Blades   | 1 |  1.6
Throwing       | |  0.2
Shields        | |  3.6

Action                     |  1- 3 |  4- 6 || total
---------------------------+-------+-------++-------
  Melee: Long sword        |   123 |    30 ||   153
         Headbutt          |    15 |    12 ||    27
         Punch             |     2 |       ||     2
         Short sword       |       |    42 ||    42
  Throw: Dart              |       |     1 ||     1
    Use: Scroll            |       |     2 ||     2
 Armour: Scale mail        |    66 |    21 ||    87
         Chain mail        |       |    33 ||    33
  Dodge: Dodged            |    76 |    40 ||   116
